 Dungeon Crawl Stone Soup version 0.22-a0-538-g76cc104 (webtiles) character file.

115 iamserjio the Poker (level 5, -2/26 HPs)
             Began as a Vine Stalker Skald on June 23, 2018.
             Slain by a killer bee (5 damage)
             ... on level 4 of the Dungeon.
             The game lasted 00:06:10 (669 turns).

iamserjio the Poker (Vine Stalker Skald)             Turns: 669, Time: 00:06:11

Health: -2/26      AC:  4    Str: 14    XL:     5   Next: 0%
Magic:  0/9        EV: 11    Int: 14    God:
Gold:   19         SH:  0    Dex: 13    Spells: 0/8 levels left

rFire    . . .     SeeInvis .   h - +0 trident
rCold    . . .     Gourm    .   (no shield)
rNeg     . . .     Faith    .   b - +1 leather armour
rPois    .         Spirit   +   (no helmet)
rElec    .         Reflect  .   (no cloak)
rCorr    .         Harm     .   (no gloves)
MR       .....                  (no boots)
Stlth    +.........             (no amulet)
HPRegen  0.48/turn              (no ring)
MPRegen  0.11/turn              (no ring)

@: lethally poisoned (-2 -> -6), singing, very slightly contaminated
A: fangs 2, regeneration 1, magic shield, antimagic bite, no potion heal 3, rot
immunity
a: no special abilities


You were on level 4 of the Dungeon.
You were not hungry.

You visited 1 branch of the dungeon, and saw 4 of its levels.

You collected 19 gold pieces.

Inventory:

Hand Weapons
 a - a +0 spear
 h - a +0 trident (weapon)
Missiles
 j - 2 needles of paralysis {!f}
Armour
 b - a +1 leather armour (worn)
Scrolls
 c - 2 scrolls of remove curse {@r2}
 i - a scroll of teleportation {unknown}
Potions
 e - a potion of might {unknown}
 f - a potion of resistance {unknown}
 g - a potion of ambrosia {unknown}
Comestibles
 d - 6 rations


   Skills:
 + Level 2.0 Fighting
 * Level 4.3 Polearms
 - Level 0.7 Armour
 - Level 1.5 Dodging
 + Level 2.2 Spellcasting
 + Level 3.0 Charms


You couldn't memorise any spells.
You knew the following spells:

 Your Spells              Type           Power        Failure   Level  Hunger
a - Infusion              Chrm           ##..         9%          1    #......
b - Song of Slaying       Chrm           ##......     13%         2    ###....
c - Shroud of Golubria    Chrm/Tloc      #.........   24%         2    ###....
d - Spectral Weapon       Hex/Chrm       #.......     43%         3    ###....

Your spell library contained the following spells:

 Spells                   Type           Power        Failure   Level  Hunger
 Regeneration             Chrm/Necr      #.........   43%         3    ###....


Dungeon Overview and Level Annotations

Branches:
Dungeon (4/15)
 Temple: D:4-7

Altars:

Shops:
D:4 %


Innate Abilities, Weirdness & Mutations

You have extremely sharp teeth.
Your natural rate of healing is unusually fast.
When hurt, damage is shared between your health and your magic reserves.
Your bite disrupts and absorbs the magic of your enemies.
Potions cannot restore your health.
You are immune to rotting.


Message History

The killer bee stings you but does no damage.
The killer bee stings you.
You are poisoned.
The killer bee poisons you! The killer bee closely misses you.
The killer bee stings you!
The killer bee stings you but does no damage.
The killer bee closely misses you.
You hit the killer bee but do no damage.
You feel sick. The killer bee stings you. The killer bee misses you.
The killer bee barely misses you. x3
The killer bee stings you but does no damage.
You miss the killer bee. Your bite misses the killer bee.
You feel sick.
The killer bee stings you but does no damage.
The killer bee stings you!
* * * LOW HITPOINT WARNING * * *
You are lethally poisoned!
The killer bee poisons you!
The killer bee stings you but does no damage.
The killer bee closely misses you. x2; The killer bee stings you.
You die...

.. .# ..
### .##
......#
#.#a..#..
#yyy.....
#@# #y#
#.# #.#
#.# #..
..... #..
..... #..
.....
.....


You could see a worker ant and 4 killer bees.

Vanquished Creatures
  2 orc wizards (D:3)
  2 adders
  A worm (D:3)
  4 orcs (D:3)
  2 bats
  2 giant cockroaches
  2 goblins
  A hobgoblin (D:1)
  2 jackals (D:1)
  2 quokkas (D:3)
  A ball python (D:3)
  2 frilled lizards (D:2)
  7 kobolds
  4 rats
34 creatures vanquished.

Notes
Turn   | Place    | Note
-------+----------+-------------------------------------------
     0 | D:1      | iamserjio the Vine Stalker Skald began the quest for the Orb.
     0 | D:1      | Reached XP level 1. HP: 11/11 MP: 4/4
   126 | D:1      | Reached skill level 2 in Polearms
   188 | D:1      | Reached XP level 2. HP: 9/15 MP: 6/6
   291 | D:1      | Learned a level 2 spell: Song of Slaying
   294 | D:1      | Learned a level 2 spell: Shroud of Golubria
   337 | D:4      | Noticed a killer bee
   337 | D:4      | Noticed a killer bee
   337 | D:4      | Noticed a killer bee
   337 | D:4      | Noticed a killer bee
   337 | D:4      | Noticed a killer bee
   394 | D:3      | Reached skill level 3 in Polearms
   394 | D:3      | Reached XP level 3. HP: 17/18 MP: 3/7
   404 | D:4      | Found Melavit's Food Emporium.
   445 | D:3      | Gained mutation: Your natural rate of healing is unusually fast. [Vine Stalker growth]
   445 | D:3      | Reached XP level 4. HP: 19/23 MP: 5/8
   462 | D:3      | Reached skill level 4 in Polearms
   619 | D:2      | Reached XP level 5. HP: 26/26 MP: 9/9
   662 | D:3      | Learned a level 3 spell: Spectral Weapon
   669 | D:4      | Slain by a killer bee

Vault maps used:
D:1:      minmay_arrival_nine_rooms, st_stairs_5
D:2:      hangedman_feature_mirror, minmay_pentomino_q2, uniq_robin
D:3:      first_ration, portal_sewer_entry_e, kennysheep_generic_room_7
D:4:      kennysheep_mini_moat, serial_shops, shop, skrybe_limestone_x,
          uniq_ijyb

Skill      XL: |  1  2  3  4 |
---------------+-------------+-----
Polearms       | 2 3 4 |  4.3
Fighting       | 2 |  2.0
Armour         | |  0.7
Dodging        | |  1.5
Spellcasting   | |  2.2
Charms         | |  3.0

Action                   |  1- 3 |  4- 6 || total
-------------------------+-------+-------++-------
Melee: Spear             |    63 |     5 ||    68
       Bite              |    16 |     5 ||    21
       Trident           |       |    30 ||    30
 Cast: Infusion          |     8 |       ||     8
       Song of Slaying   |     1 |     1 ||     2
       Shroud of Golubri |       |     1 ||     1
  Use: Scroll            |     4 |       ||     4
 Stab: Sleeping          |     1 |     1 ||     2
Armor: Leather armour    |    14 |    20 ||    34
Dodge: Dodged            |    21 |    32 ||    53

Table legend:
 A = Spawn XP
 B = Non-spawn XP
 C = Spawn XP percentage of total XP
 D = Spawn monster count
 E = Non-spawn monster count
 F = Spawn count percentage of total count
 G = Total turns spent on level
                    A         B        C        D         E        F      G
               +---------+---------+-------+---------+---------+-------+---------
         Total |       0 |     165 |   0.0 |       0 |      34 |   0.0 |   669
               +---------+---------+-------+---------+---------+-------+---------
           D:1 |       0 |      17 |   0.0 |       0 |      11 |   0.0 |   299
           D:2 |       0 |      19 |   0.0 |       0 |       6 |   0.0 |   109
           D:3 |       0 |     129 |   0.0 |       0 |      17 |   0.0 |   252
               +---------+---------+-------+---------+---------+-------+---------
